 Dungeon Crawl Stone Soup version 0.29.1-1-gd02db6906a (webtiles) character file.

Game seed: 17050725346165283572

339 Romesagentofchaos the Covert (level 6, -12/30 HPs)
             Began as a Spriggan Brigand on Oct 22, 2022.
             Killed by an exploding quokka (29 damage)
             ... ignited by their inner flame
             ... on level 4 of the Dungeon.
             The game lasted 00:11:34 (3346 turns).

Romesagentofchaos the Covert (Spriggan Brigand)     Turns: 3346, Time: 00:11:34

Health: -12/30     AC:  5    Str:  7    XL:     6   Next: 29%
Magic:  7/7        EV: 19    Int: 12    God:
Gold:   133        SH:  0    Dex: 25    Spells: 5/5 levels left

rFire   . . .      SeeInvis +   f - +3 dagger (venom)
rCold   . . .      Faith    .   (no shield)
rNeg    . . .      Spirit   .   b - +0 robe
rPois   .          Reflect  .   (helmet restricted)
rElec   .          Harm     .   c - +2 cloak
rCorr   .          Rampage  .   (gloves unavailable)
Will    +....                   (boots unavailable)
Stlth   +++++.....              (no amulet)
HPRegen 0.10/turn               h - +6 ring of dexterity
MPRegen 0.10/turn               (no ring)

@: very quick
A: very small, no large weapons, unfitting armour, see invisible, speed 3
a: no special abilities


You were on level 4 of the Dungeon.
You visited 1 branch of the dungeon, and saw 4 of its levels.

You collected 133 gold pieces.

Inventory:

Hand Weapons
 a - a +2 dagger of protection
 f - a +3 dagger of venom (weapon)
Missiles
 d - 8 poisoned darts (quivered)
 e - 3 curare-tipped darts
Armour
 b - a +0 robe (worn)
 c - a +2 cloak (worn)
Jewellery
 h - a +6 ring of dexterity (left hand)
Scrolls
 l - a scroll of fear
 n - 2 scrolls of teleportation
Potions
 g - a potion of brilliance
 i - 3 potions of curing
 j - a potion of haste
 k - 3 potions of heal wounds


   Skills:
 + Level 2.3 Fighting
 + Level 3.7 Short Blades
 + Level 2.2 Throwing
 + Level 3.0 Dodging
 + Level 9.6 Stealth


You had 5 spell levels left.
You didn't know any spells.
Your spell library contained the following spells:

 Spells                   Type           Power      Damage    Failure   Level
 Sublimation of Blood     Necr           0%         N/A       45%         2
 Wereblood                Tmut           0%         N/A       45%         2
 Ignite Poison            Fire/Tmut/Pois 0%         N/A       69%         3
 Mephitic Cloud           Conj/Pois/Air  0%         N/A       69%         3
 Olgreb's Toxic Radiance  Pois           0%         N/A       97%         4
 Freezing Cloud           Conj/Ice/Air   0%         6-21      100%        5
 Ozocubu's Refrigeration  Ice            0%         4d7       100%        7
 Summon Hydra             Summ           0%         N/A       100%        7
 Ignition                 Fire           0%         3d3       100%        8


Dungeon Overview and Level Annotations

Branches:
Dungeon (4/15)
 Temple: D:4-7

Altars:


Innate Abilities, Weirdness & Mutations

You are very small and have problems with some larger weapons.
You are too small for most types of armour.
You have supernaturally acute eyesight. (SInv)
You cover ground extremely quickly. (Speed+++)


Message History

You hit the jackal.
The jackal is lightly wounded.
The jackal misses you. The jackal closely misses you.
You hit the jackal.
You kill the jackal!
As you read the scroll labelled TEHO JOYFE HUA, it crumbles to dust.
Wisps of shadow whirl around you...
It was a scroll of summoning.
As you read the scroll labelled WILANYAT IGORPH, it crumbles to dust.
The creatures around you are filled with an inner flame!
It was a scroll of immolation.
A giant cockroach comes into view.
A kobold comes into view.
It is wielding a +0 short sword and quivering poisoned darts.
You hit the giant cockroach.
The giant cockroach is poisoned.
The giant cockroach is moderately wounded.
You kill the giant cockroach!
You see here a giant cockroach corpse.
An iguana comes into view.
Found a scroll of identify.
Found a stone staircase leading down.
Found a scroll of fear.
The helpless kobold fails to defend itself.
You spit the kobold like a pig!!!
You kill the kobold!
The iguana hisses angrily.
The iguana closely misses you.
You hit the iguana but do no damage.
The iguana is poisoned.
The iguana closely misses you.
You hit the iguana but do no damage.
The iguana is lightly wounded.
The iguana bites you!
You puncture the iguana!
The iguana looks as sick as possible!
The iguana is heavily wounded.
You hit the iguana but do no damage.
The iguana looks as sick as possible!
The iguana is severely wounded.
Your quokka bites the iguana but does no damage.
The iguana bites your quokka!
Your quokka's corpse dissolves into shadows!
Your quokka explodes!
The fiery explosion engulfs you!!
Ouch! That really hurt!
You die...

#....#.............
#....#.†...........
###.##.........?..
..##............
#####.......#...
#####.......#
..........).#
......J§.####
......§@.#
.....§l§.#
.........#
........?#
####.....# #.....#
#...... ####...


You could see an iguana (unaware, extremely poisoned, ally target) and a
friendly jelly (summoned, inner flame).

Vanquished Creatures
  A scorpion (D:4)
  An orc priest (D:3)
  Jessica (D:2)
  Natasha (thrice) (D:2)
  An orc wizard (D:3)
  4 adders
  2 worms
  2 dart slugs
  3 orcs (D:3)
  5 bats
  4 endoplasms
  3 giant cockroaches
  6 goblins
  8 hobgoblins
  4 jackals
  9 kobolds
  4 quokkas
  10 ball pythons
  4 frilled lizards
  7 rats
82 creatures vanquished.

Notes
Turn   | Place    | Note
-------+----------+-------------------------------------------
     0 | D:1      | Romesagentofchaos the Spriggan Brigand began the quest for
                  | the Orb.
     0 | D:1      | Reached XP level 1. HP: 10/10 MP: 2/2
    37 | D:1      | Reached skill level 6 in Stealth
   158 | D:1      | Reached XP level 2. HP: 13/15 MP: 3/3
   247 | D:1      | Found a faded altar of an unknown god.
  1279 | D:2      | Reached XP level 3. HP: 14/18 MP: 4/4
  1393 | D:2      | Reached skill level 7 in Stealth
  1528 | D:2      | Noticed Natasha
  1540 | D:2      | Killed Natasha
  1541 | D:2      | Reached XP level 4. HP: 14/23 MP: 5/5
  2031 | D:2      | Noticed Natasha
  2038 | D:2      | Killed Natasha
  2039 | D:2      | Reached skill level 8 in Stealth
  2243 | D:2      | Noticed Natasha
  2254 | D:2      | Killed Natasha
  2255 | D:2      | Reached XP level 5. HP: 20/26 MP: 6/6
  2324 | D:2      | Noticed Jessica
  2331 | D:2      | Killed Jessica
  2484 | D:3      | Reached skill level 9 in Stealth
  3189 | D:4      | Reached XP level 6. HP: 30/30 MP: 7/7
  3346 | D:4      | Killed by an exploding quokka... ignited by their inner
                  | flame

Illustrated notes

Levels and vault maps discovered:
D:1:      onia_arrival_mini_maze_b, layout_basic,
          shapermc_ecumenical_altar_hornbeckon
D:2:      layout_basic, uniq_natasha, uniq_jessica
D:3:      layout_basic, serial_aquarium, aquarium_bridge_square
          [aquarium_subvault_balcony, aquarium_subvault_wall,
          aquarium_subvault_window, aquarium_subvault_bridge],
          aquarium_bridge_square [aquarium_subvault_wall,
          aquarium_subvault_balcony, aquarium_subvault_bridge,
          aquarium_subvault_bridge], aquarium_window_corner,
          aquarium_window_fake, aquarium_view_2c
D:4:      layout_basic

Skill      XL: |  1  2  3  4  5 |
---------------+----------------+-----
Stealth        | 6 7 8 9 |  9.6
Dodging        | 2 3 |  3.0
Fighting       | 2 |  2.3
Short Blades   | 3 |  3.7
Throwing       | |  2.2

Action                   |  1- 3 |  4- 6 || total
-------------------------+-------+-------++-------
Melee: Dagger            |    91 |    82 ||   173
       Punch             |     1 |       ||     1
Throw: Dart              |     4 |     3 ||     7
  Use: Scroll            |     6 |     7 ||    13
       Potion            |     2 |     1 ||     3
 Stab: Sleeping          |    15 |    22 ||    37
       Distracted        |       |     2 ||     2
Armor: Robe              |     9 |     2 ||    11
Dodge: Dodged            |    46 |    36 ||    82
